 Dungeon Crawl Stone Soup version 0.31.0-11-ge490571c62 (webtiles) character file.

Game seed: 12893195570835125351

45 qw the Shooter (level 3, 0/20 HPs)
             Began as a Deep Elf Hunter on Feb 5, 2024.
             Slain by a gnoll
             ... wielding a +0 spear
              (5 damage)
             ... on level 2 of the Dungeon.
             The game lasted 00:00:21 (1154 turns).

qw the Shooter (Deep Elf Hunter)                    Turns: 1154, Time: 00:00:22

Health: 0/20       AC:  3    Str: 10    XL:     3   Next: 42%
Magic:  5/5        EV: 12    Int: 13    God:
Gold:   24         SH:  0    Dex: 18    Spells: 2/2 levels left

rFire   . . .        a - +0 shortbow
rCold   . . .        (shield currently unavailable)
rNeg    . . .        c - +0 leather armour
rPois   .            (no helmet)
rElec   .            (no cloak)
rCorr   .            (no gloves)
SInv    +            (no boots)
Will    .....        (no amulet)
Stlth   ++           e - ring of see invisible
HPRegen 0.23/turn    (no ring)
MPRegen 0.09/turn

%: no passive effects
@: no status effects
A: no striking features
a: no special abilities


You were on level 2 of the Dungeon.
You visited 1 branch of the dungeon, and saw 2 of its levels.

You collected 63 gold pieces.
You spent 39 gold pieces at shops.


   Skills:
 - Level 1.5 Fighting
 + Level 7.0 Ranged Weapons
 - Level 2.4 Dodging
 - Level 1.2 Stealth


You had 2 spell levels left.
You didn't know any spells.
Your spell library was empty.

Inventory:

Hand Weapons
 a - a +0 shortbow (weapon)
Armour
 c - a +0 leather armour (worn)
 j - a +0 ring mail
Jewellery
 e - a ring of see invisible (left hand)
Scrolls
 b - a scroll of fear {unknown}
 f - a scroll of identify {unknown}
 g - a scroll of blinking {unknown}
Potions
 d - 3 potions of curing
 h - a potion of enlightenment {unknown}
 i - a potion of mutation {unknown}

Dungeon Overview and Level Annotations

Branches:
Dungeon (2/15)

Altars:
Uskayaw

Shops:
D:2 !*((


Message History

You can access your shopping list by pressing '$'.
You now have 24 gold pieces (gained 17). 2 gnolls come into view.
The gnoll shouts! x2; You hear a shout!
You shoot an arrow. The arrow barely misses the gnoll.
You shoot an arrow. The arrow hits the gnoll!
The gnoll is severely wounded.
A gnoll comes into view. It is wielding a +0 club.
Enter note:
Enter note:
Enter note:
Enter note:
Enter note:
Enter note:
Enter note:
Enter note:
Enter note:
Enter note:
1147 ||| RETREEEEATING.
You shoot an arrow. The arrow completely misses the gnoll.
You shoot an arrow. The arrow hits the gnoll!
You kill the gnoll!
Your Ranged Weapons skill increases to level 7!
You shoot an arrow. The arrow hits the gnoll.
The gnoll is moderately wounded.
You shoot an arrow. The arrow hits the gnoll.
The gnoll is moderately wounded.
The gnoll closely misses you.
You shoot an arrow. The arrow barely misses the gnoll.
The gnoll hits you with a +0 club. x2
A gnoll comes into view. It is wielding a +0 spear.
You shoot an arrow. The arrow hits the gnoll.
The gnoll is heavily wounded.
The gnoll hits you with a +0 club. The gnoll closely misses you.
You shoot an arrow.
The arrow hits the gnoll but does no damage.
The gnoll is heavily wounded.
The gnoll hits you with a +0 club.
The gnoll hits you from afar with a +0 spear.
You die...

..####.#####.# #....
...........#.# g.
##### .....##.##.#.#
.# .._.....##.#.# .#
.....#####.#.# g#
.....###...#.# .#
.............# .#
######...#...#####g#
#..###..#..@gg#
#.#.#.#...#####
#...#.....#
#...#.....#
#..(#...#...
#...#...##### .....#
##.... #.###


You could see 3 gnolls.

Vanquished Creatures
  An adder (D:2)
  A gnoll (D:2)
  A dart slug (D:1)
  A ribbon worm (D:2)
  An endoplasm (D:1)
  6 goblins
  3 hobgoblins
  3 bats (D:1)
  2 frilled lizards
  A kobold (D:2)
  4 rats
24 creatures vanquished.

Notes
Turn   | Place    | Note
-------+----------+-------------------------------------------
     0 | D:1      | qw the Deep Elf Hunter began the quest for the Orb.
     0 | D:1      | Reached XP level 1. HP: 12/12 MP: 3/3
     0 | D:1      | 0 ||| qw: Version: 0.3-a-160-g6735b56
     0 | D:1      | 0 ||| qw: Game counter: 6345
     0 | D:1      | 0 ||| qw: Melee chars always use a shield: true
     0 | D:1      | 0 ||| qw: God list: Okawaru
     0 | D:1      | 0 ||| qw: Allow faded altars: false
     0 | D:1      | 0 ||| qw: Do Orc after clearing Dungeon:15 true
     0 | D:1      | 0 ||| qw: Do second Lair branch before Depths: true
     0 | D:1      | 0 ||| qw: Lair rune preference: random
     0 | D:1      | 0 ||| qw: Goals: Normal
     0 | D:1      | 0 ||| PLANNING D:1-11
   151 | D:1      | Reached skill level 6 in Ranged Weapons
   151 | D:1      | Reached XP level 2. HP: 16/16 MP: 4/4
   505 | D:1      | 505 ||| UPGRADING to ring of see invisible.
   506 | D:1      | 506 ||| READING scroll labelled POJAIM KOS OTU.
   507 | D:1      | 507 ||| READING scroll labelled BEEHIMPEAPHU.
   536 | D:1      | 536 ||| READING scroll labelled BAFE CIJEWKO.
   537 | D:1      | 537 ||| READING scroll labelled REFARCH SUOSUN.
   542 | D:1      | 542 ||| DRINKING 2 dark potions.
   543 | D:1      | 543 ||| DROPPING scroll of butterflies.
   600 | D:2      | Found Zuemaqig's Weapon Shop.
   605 | D:2      | 605 ||| SHOPLISTING +6 orcbow "Kigoisaw" {drain, *Corrode
                  | rElec Str+4} (531 gold, have 21).
   659 | D:2      | Found Sucref's Antique Weapon Boutique.
   869 | D:2      | Found Jomnud's Distillery.
   879 | D:2      | 879 ||| BUYING potion of curing (39 gold).
   879 | D:2      | Bought a potion of curing for 39 gold pieces
   879 | D:2      | 879 ||| SHOPLISTING potion of curing (39 gold, have 7).
   879 | D:2      | 879 ||| SHOPLISTING potion of haste (130 gold, have 7).
   879 | D:2      | 879 ||| SHOPLISTING potion of heal wounds (65 gold, have
                  | 7).
   904 | D:2      | Reached XP level 3. HP: 15/20 MP: 5/5
   951 | D:2      | Found Qieconup's Assorted Antiques.
   959 | D:2      | 959 ||| SHOPLISTING amethyst potion (18 gold, have 7).
   959 | D:2      | 959 ||| SHOPLISTING shiny scale mail (140 gold, have 7).
  1110 | D:2      | Found a hide-covered altar of Uskayaw.
  1147 | D:2      | 1147 ||| RETREEEEATING.
  1150 | D:2      | Reached skill level 7 in Ranged Weapons
  1154 | D:2      | HP: 5/20 [gnoll/+0 club (3)]
  1154 | D:2      | Slain by a gnoll

Levels and vault maps discovered:
D:1:      minmay_arrival_checkered_box, layout_basic
D:2:      layout_basic, serial_shops, nicolae_shop_bloodbath_and_beyond,
          nicolae_shop_advertising_works [nicolae_subvault_shop_adworks], shop,
          shop, basic_altar, st_stairs_5

Skill      XL: |  1  2  3 |
---------------+----------+-----
Ranged Weapons | 6 7 |  7.0
Fighting       | |  1.5
Dodging        | |  2.4
Stealth        | |  1.2

Action                     || total
---------------------------++-------
   Fire: Shortbow          ||    69
    Use: Scroll            ||     4
         Potion            ||     1
 Armour: Leather armour    ||    14
  Dodge: Dodged            ||    11

Table legend:
 A = Non-vault XP
 B = Vault XP
 C = Vault XP percentage of total XP
 D = Non-vault monster count
 E = Vault monster count
 F = Vault count percentage of total count
                 A         B        C        D         E       F
            +---------+---------+-------+---------+---------+-------
      Total |      61 |       4 |   6.2 |      22 |       2 |   8.3
            +---------+---------+-------+---------+---------+-------
        D:1 |      23 |       0 |   0.0 |      14 |       0 |   0.0
        D:2 |      38 |       4 |   9.5 |       8 |       2 |  20.0
            +---------+---------+-------+---------+---------+-------
